[ PARTIDA AOE2 · #471896492 ]
UnrankedCeltas vs Mongols
Equipo del jugador · VICT
Equipo rival · DERR
[ ANÁLISIS DE REPETICIÓN · EXTRAÍDO DE LA PARTIDA GRABADA ]
Feudal
10:29
Castillos
18:13
Imperial
—
| APM promedio | 31.1 |
| APM pico | 62 |
| eAPM promedio | 16.1 |
| Aldeanos / militares | 43 / 13 |
Foco
⚔️ 14.3% · 🌾 85.7%
Woad Raider ×6 · Scorpion ×2 · Spearman ×2 · Skirmisher ×2 · Mangonel ×1
Feudal
11:48
Castillos
18:13
Imperial
—
| APM promedio | 22.8 |
| APM pico | 45 |
| eAPM promedio | 12.2 |
| Aldeanos / militares | 67 / 11 |
Foco
⚔️ 11.8% · 🌾 88.2%
Cavalry Archer ×6 · Monk ×2 · Battering Ram ×2 · Archer ×1
Mapa de la partida
Recursos iniciales + cada clic de construcción. Líneas = muros · curvas = relieve. ◆ oro · ⬟ piedra · ● bayas · ✦ reliquia · ◌ hueco del cierre
Tu base· ✓ Cerrada en 18:13 · 0t muro · 2 puerta(s)
Base de Tar-palantir· ✓ Cerrada en 18:13 · 0t muro · 2 puerta(s)
Terreno inicial suavizado · ◌ = hueco del cierre detectado · pasá el cursor para detalles
Inputs por minuto
— London - - Tar-palantir
Build order — London
117 acciones detectadas en el replay
| 0:04 | Construir | House |
| 0:07 | Crear | Villager (Male) |
| 0:07 | Crear | Villager (Male) |
| 0:07 | Crear | Villager (Male) |
| 0:08 | Crear | Villager (Male) |
| 0:34 | Construir | House |
| 0:34 | Construir | House |
| 0:35 | Construir | House |
| 1:49 | Crear | Villager (Male) |
| 1:49 | Crear | Villager (Male) |
| 2:19 | Crear | Villager (Male) |
| 2:20 | Crear | Villager (Male) |
| 2:26 | Construir | Lumber Camp |
| 2:42 | Crear | Villager (Male) |
| 2:54 | Construir | Lumber Camp |
| 3:08 | Crear | Villager (Male) |
| 3:42 | Crear | Villager (Male) |
| 3:43 | Crear | Villager (Male) |
| 4:31 | Crear | Villager (Male) |
| 4:31 | Crear | Villager (Male) |
| 4:31 | Crear | Villager (Male) |
| 5:02 | Crear | Villager (Male) |
| 5:02 | Crear | Villager (Male) |
| 5:42 | Crear | Villager (Male) |
| 5:55 | Construir | Mill |
| 6:16 | Crear | Villager (Male) |
| 6:17 | Crear | Villager (Male) |
| 6:30 | Construir | Mill |
| 6:30 | Construir | Mill |
| 6:54 | Crear | Villager (Male) |
| 7:52 | Crear | Villager (Male) |
| 8:19 | Investigar | Feudal Age |
| 8:31 | Construir | Barracks |
| 9:10 | Investigar | Loom |
| 9:22 | Construir | Mining Camp |
| 10:28 | Construir | Mining Camp |
| 10:29 | Edad | Edad Feudal |
| 10:33 | Crear | Villager (Male) |
| 10:48 | Construir | House |
| 10:49 | Construir | House |
| 11:02 | Crear | Spearman |
| 11:22 | Crear | Villager (Male) |
| 11:22 | Crear | Villager (Male) |
| 11:42 | Crear | Spearman |
| 11:51 | Crear | Villager (Male) |
| 12:33 | Construir | Blacksmith |
| 12:43 | Crear | Villager (Male) |
| 13:17 | Construir | Farm |
| 13:19 | Crear | Villager (Male) |
| 13:26 | Construir | Farm |
| 14:14 | Construir | Market |
| 14:20 | Crear | Villager (Male) |
| 14:21 | Crear | Villager (Male) |
| 14:32 | Construir | Farm |
| 14:33 | Construir | Farm |
| 14:55 | Construir | Farm |
| 14:57 | Construir | Farm |
| 14:57 | Construir | Farm |
| 14:58 | Construir | Farm |
| 15:27 | Construir | Farm |
| 15:27 | Construir | Farm |
| 15:28 | Construir | Farm |
| 15:28 | Construir | Farm |
| 15:33 | Investigar | Castle Age |
| 15:33 | Investigar | Castle Age |
| 15:46 | Construir | House |
| 15:47 | Construir | House |
| 15:49 | Construir | House |
| 16:22 | Investigar | Double-Bit Axe |
| 16:57 | Crear | Villager (Male) |
| 17:05 | Investigar | Stone Mining |
| 17:47 | Investigar | Scale Mail Armor |
| 18:13 | Edad | Edad de los Castillos |
| 18:30 | Construir | Castle |
| 18:39 | Construir | House |
| 18:43 | Construir | House |
| 18:56 | Construir | University |
| 19:03 | Crear | Villager (Male) |
| 19:44 | Construir | Mining Camp |
| 19:53 | Construir | Siege Workshop |
| 20:06 | Investigar | Stronghold |
| 20:15 | Crear | Villager (Male) |
| 20:47 | Crear | Scorpion |
| 20:51 | Crear | Mangonel |
| 21:07 | Crear | Villager (Male) |
| 21:16 | Construir | Town Center |
| 21:37 | Investigar | Fletching |
| 21:40 | Crear | Villager (Male) |
| 21:44 | Construir | Farm |
| 21:47 | Construir | Farm |
| 21:47 | Construir | Farm |
| 21:48 | Construir | Farm |
| 22:08 | Crear | Woad Raider |
| 23:28 | Crear | Scorpion |
| 23:45 | Crear | Woad Raider |
| 23:45 | Crear | Woad Raider |
| 24:55 | Construir | Castle |
| 25:50 | Construir | Castle |
| 26:05 | Construir | Farm |
| 26:07 | Crear | Villager (Male) ×5 |
| 26:17 | Investigar | Forging |
| 26:19 | Construir | Farm |
| 26:34 | Investigar | Bow Saw |
| 27:10 | Crear | Villager (Male) |
| 27:10 | Crear | Villager (Male) |
| 27:25 | Construir | Castle |
| 27:35 | Construir | Archery Range |
| 27:40 | Crear | Woad Raider |
| 27:54 | Crear | Villager (Male) |
| 28:00 | Construir | Farm |
| 28:01 | Construir | Farm |
| 28:01 | Construir | Farm |
| 28:15 | Crear | Woad Raider |
| 28:47 | Crear | Skirmisher |
| 28:47 | Crear | Skirmisher |
| 29:38 | Investigar | Elite Skirmisher (upgrade) |
| 30:20 | Crear | Woad Raider |
Build order — Tar-palantir
133 acciones detectadas en el replay
| 0:03 | Crear | Villager (Male) ×4 |
| 0:05 | Construir | House |
| 0:06 | Construir | House |
| 1:30 | Crear | Villager (Male) |
| 2:08 | Construir | Lumber Camp |
| 2:11 | Crear | Villager (Male) |
| 2:12 | Investigar | Loom |
| 2:27 | Crear | Villager (Male) |
| 3:34 | Crear | Villager (Male) |
| 3:42 | Construir | House |
| 3:43 | Construir | House |
| 3:44 | Construir | House |
| 3:54 | Crear | Villager (Male) |
| 4:17 | Crear | Villager (Male) |
| 4:41 | Crear | Villager (Male) |
| 5:28 | Crear | Villager (Male) ×2 |
| 5:38 | Construir | Mill |
| 5:48 | Crear | Villager (Male) |
| 6:24 | Crear | Villager (Male) ×2 |
| 7:13 | Crear | Villager (Male) ×2 |
| 7:23 | Construir | Mining Camp |
| 7:33 | Crear | Villager (Male) |
| 8:31 | Crear | Villager (Male) |
| 8:31 | Crear | Villager (Male) |
| 8:50 | Construir | Lumber Camp |
| 9:07 | Construir | House |
| 9:08 | Construir | House |
| 9:09 | Construir | House |
| 9:35 | Investigar | Feudal Age |
| 9:44 | Construir | Mill |
| 10:12 | Construir | House |
| 10:13 | Construir | House |
| 10:14 | Construir | House |
| 10:19 | Crear | Villager (Male) |
| 10:19 | Crear | Villager (Male) |
| 11:48 | Edad | Edad Feudal |
| 11:49 | Investigar | Double-Bit Axe |
| 11:49 | Investigar | Double-Bit Axe |
| 11:51 | Investigar | Horse Collar |
| 11:55 | Construir | Farm |
| 12:17 | Construir | Farm |
| 12:20 | Crear | Villager (Male) |
| 12:29 | Construir | Farm |
| 12:29 | Construir | Farm |
| 12:30 | Construir | Farm |
| 12:30 | Construir | Farm |
| 12:30 | Construir | Farm |
| 12:30 | Construir | Farm |
| 12:31 | Construir | Farm |
| 12:42 | Crear | Villager (Male) |
| 12:42 | Crear | Villager (Male) |
| 13:19 | Construir | Blacksmith |
| 13:30 | Crear | Villager (Male) |
| 13:31 | Crear | Villager (Male) |
| 13:31 | Crear | Villager (Male) |
| 13:37 | Construir | Farm |
| 13:42 | Construir | Farm |
| 13:55 | Construir | Farm |
| 14:21 | Construir | Farm |
| 14:27 | Crear | Villager (Male) |
| 14:52 | Construir | Market |
| 15:11 | Construir | Farm |
| 15:32 | Investigar | Castle Age |
| 15:52 | Construir | Barracks |
| 15:58 | Investigar | Fletching |
| 15:59 | Investigar | Padded Archer Armor |
| 16:38 | Construir | Archery Range |
| 16:39 | Construir | Archery Range |
| 17:01 | Construir | Archery Range |
| 17:10 | Crear | Villager (Male) |
| 17:10 | Crear | Villager (Male) |
| 17:15 | Investigar | Gold Mining |
| 18:13 | Edad | Edad de los Castillos |
| 18:16 | Construir | Town Center |
| 18:24 | Construir | Monastery |
| 18:27 | Crear | Cavalry Archer |
| 18:39 | Investigar | Bodkin Arrow |
| 18:42 | Crear | Villager (Male) |
| 18:42 | Crear | Villager (Male) |
| 19:44 | Crear | Villager (Male) |
| 19:44 | Crear | Villager (Male) |
| 19:49 | Crear | Villager (Male) ×5 |
| 19:56 | Construir | University |
| 20:12 | Construir | Siege Workshop |
| 20:18 | Investigar | Stone Mining |
| 20:22 | Investigar | Bow Saw |
| 20:33 | Crear | Villager (Male) |
| 20:35 | Crear | Monk |
| 20:53 | Crear | Cavalry Archer ×2 |
| 20:59 | Investigar | Fortified Wall (upgrade) |
| 21:50 | Crear | Villager (Male) |
| 21:50 | Crear | Villager (Male) |
| 21:53 | Crear | Villager (Male) ×5 |
| 22:07 | Crear | Battering Ram |
| 24:01 | Crear | Cavalry Archer ×2 |
| 24:20 | Construir | Castle |
| 24:31 | Construir | House |
| 24:31 | Construir | House |
| 24:32 | Construir | House |
| 24:32 | Construir | House |
| 24:33 | Construir | House |
| 24:33 | Construir | House |
| 24:34 | Construir | House |
| 26:02 | Construir | Farm |
| 26:02 | Construir | Farm |
| 26:02 | Construir | Farm |
| 26:02 | Construir | Farm |
| 26:03 | Construir | Farm |
| 26:03 | Construir | Farm |
| 26:03 | Construir | Farm |
| 26:06 | Investigar | Heavy Plow |
| 26:10 | Crear | Villager (Male) ×5 |
| 26:20 | Crear | Monk |
| 26:34 | Crear | Villager (Male) ×5 |
| 26:56 | Construir | House |
| 26:56 | Construir | House |
| 26:57 | Construir | House |
| 26:57 | Construir | House |
| 26:58 | Construir | House |
| 26:58 | Construir | House |
| 27:18 | Crear | Battering Ram |
| 27:42 | Construir | Farm |
| 27:45 | Construir | Farm |
| 27:47 | Construir | Farm |
| 27:49 | Construir | Farm |
| 27:53 | Crear | Villager (Male) ×5 |
| 28:30 | Crear | Archer |
| 28:51 | Crear | Cavalry Archer |
| 29:50 | Crear | Villager (Male) |
| 29:50 | Crear | Villager (Male) |
| 29:52 | Crear | Villager (Male) |
| 30:04 | Construir | Farm |
| 30:06 | Construir | Farm |
Cronología de la partida
| 8:31 | London · first_building Barracks |
| 10:29 | London · age_up feudal |
| 11:48 | Tar-palantir · age_up feudal |
| 15:52 | Tar-palantir · first_building Barracks |
| 16:38 | Tar-palantir · first_building Archery Range |
| 18:13 | Tar-palantir · age_up castle |
| 18:13 | London · age_up castle |
| 18:24 | Tar-palantir · first_building Monastery |
| 18:30 | London · first_building Castle |
| 19:53 | London · first_building Siege Workshop |
| 20:12 | Tar-palantir · first_building Siege Workshop |
| 24:20 | Tar-palantir · first_building Castle |
| 27:35 | London · first_building Archery Range |
| 30:22 | Tar-palantir · resign |
[ ANÁLISIS IA · 1 CRÉDITO ]
¿Qué pasó realmente en esta partida?
Wolo.gg analiza cada decisión: build order, eco, micro, errores típicos por bracket. Análisis personalizado por WhatsApp o Discord en 30 segundos.
Guía civ
Celtas
Perfil
Jugador #4680359